 Seeded DCSS version 0.27.1-2-g3b301248ec (webtiles) character file.

Game seed: 14551798346683263451 (custom seed)

29 babuloseo the Ducker (level 3, 18/27 HPs)
             Began as a Human Gladiator on Oct 1, 2021.
             Quit the game on level 2 of the Dungeon.
             The game lasted 00:00:46 (420 turns).

babuloseo the Ducker (Human Gladiator)               Turns: 420, Time: 00:00:46

Health: 18/27      AC:  6    Str: 15    XL:     3   Next: 32%
Magic:  3/3        EV: 11    Int:  8    God:
Gold:   46         SH:  0    Dex: 14    Spells: 2/2 levels left

rFire    . . .     SeeInvis .   a - +0 war axe
rCold    . . .     Faith    .   (no shield)
rNeg     . . .     Spirit   .   e - +0 ring mail
rPois    .         Reflect  .   c - +0 helmet
rElec    .         Harm     .   (no cloak)
rCorr    .         Rampage  .   (no gloves)
Will     .....                  (no boots)
Stlth    +.........             (no amulet)
HPRegen  0.09/turn              (no ring)
MPRegen  0.08/turn              (no ring)

@: no status effects
A: no striking features
a: no special abilities


You were on level 2 of the Dungeon.
You visited 1 branch of the dungeon, and saw 2 of its levels.

You collected 46 gold pieces.

Inventory:

Hand Weapons
 a - a +0 war axe (weapon)
Missiles
 d - 3 throwing nets (quivered)
Armour
 b - a +0 leather armour
 c - a +0 helmet (worn)
 e - a +0 ring mail (worn)
Scrolls
 f - 2 scrolls of identify {unknown}
 g - a scroll of enchant armour {unknown}
 h - a scroll of acquirement


   Skills:
 + Level 2.2 Fighting
 * Level 3.4 Axes
 + Level 2.2 Throwing
 + Level 3.4 Dodging


You had 2 spell levels left.
You didn't know any spells.
Your spell library contained the following spells:

 Spells                   Type           Power      Damage    Failure   Level
 Magic Dart               Conj           0%         1d3       65%         1
 Searing Ray              Conj           0%         3d3       78%         2
 Fulminant Prism          Conj/Hex       0%         3d6       100%        4


Dungeon Overview and Level Annotations

Branches:
Dungeon (2/15)

Altars:
Qazlal

Annotations:
D:2 1 runed translucent door, Crazy Yiuf


Message History

The hobgoblin completely misses you.
The hobgoblin hits you but does no damage.
You barely miss the hobgoblin.
The hobgoblin is moderately wounded.
You hit the hobgoblin. You barely miss the hobgoblin.
The hobgoblin hits you but does no damage.
The hobgoblin barely misses you. x2; The hobgoblin closely misses you.
The hobgoblin hits you but does no damage.
You closely miss the hobgoblin.
The hobgoblin is moderately wounded.
You hit the hobgoblin.
You kill the hobgoblin!
You hit the hobgoblin but do no damage. The hobgoblin hits you.
The hobgoblin barely misses you. The hobgoblin closely misses you.
The hobgoblin misses you.
You hit the hobgoblin.
The hobgoblin is almost dead.
You closely miss the hobgoblin. You hit the hobgoblin.
You kill the hobgoblin!
The hobgoblin hits you but does no damage.
The hobgoblin misses you.
You slash the hobgoblin!
You kill the hobgoblin!
You barely miss the hobgoblin. You hit the hobgoblin.
You kill the hobgoblin!
The hobgoblin barely misses you. The hobgoblin hits you.
You closely miss the hobgoblin.
The hobgoblin is lightly wounded.
The hobgoblin hits you.
You closely miss the hobgoblin.
The hobgoblin is lightly wounded.
The hobgoblin hits you but does no damage.
Unknown command.
You slash the hobgoblin!
You kill the hobgoblin!
No target in view!
You see here a hobgoblin corpse.
h - a scroll labelled LONUMM XATILEEJ This is a scroll of acquirement!
Are you sure you want to abandon this character and quit the game? (Confirm with "yes".)

###### #.. .....# #.#
####.## ##.# #
....... ... .# #
##..... #.##.#)#
##.#..# #.....#####
...#..# #....##...##
......# #.####.....#
......# #.#..#.@...#
####### #.'..'†....#
##########.#..#†.(..#
#..........####..:.!#
...###.)...# ##...##
#..#.......# #####
.....#.....#
#..###.....#
#.......####


There were no monsters in sight!

Vanquished Creatures
  An adder (D:2)
  An adder skeleton (D:2)
  A goblin (D:2)
  7 hobgoblins (D:2)
  2 ball pythons (D:2)
  3 bats (D:2)
  2 rats (D:2)
17 creatures vanquished.

Notes
Turn   | Place    | Note
-------+----------+-------------------------------------------
     0 | D:1      | babuloseo the Human Gladiator began the quest for the Orb.
     0 | D:1      | Reached XP level 1. HP: 16/16 MP: 1/1
     9 | D:2      | Found a stormy altar of Qazlal.
    13 | D:2      | Reached XP level 2. HP: 18/22 MP: 2/2
   208 | D:2      | Found Gisot's Antique Weapon Boutique.
   211 | D:2      | Reached XP level 3. HP: 27/27 MP: 3/3
   353 | D:2      | Found a runed translucent door.
   354 | D:2      | Noticed Crazy Yiuf
   420 | D:2      | Identified a scroll of acquirement
   420 | D:2      | Quit the game

Illustrated notes

Levels and vault maps discovered:
D:1:      lemuel_arrival_river_bridge, layout_rooms
D:2:      layout_loops_cross, basic_altar, serial_shops, shop,
          minmay_goblin_kobold_house, uniq_crazy_yiuf_cottage, uniq_robin

Action                   || total
-------------------------++-------
Melee: War axe           ||    40
Throw: Throwing net      ||     1
Armor: Leather armour    ||     6
       Ring mail         ||    20
Dodge: Dodged            ||    42
